 Dungeon Crawl Stone Soup version 0.31-a0-237-g2d982f9f85 (webtiles) character file.

Game seed: 3496658491226475533

37 qw the Shooter (level 3, 0/21 HPs)
             Began as a Gargoyle Hexslinger on July 11, 2023.
             Slain by an endoplasm (2 damage)
             ... on level 2 of the Dungeon.
             The game lasted 00:00:19 (792 turns).

qw the Shooter (Gargoyle Hexslinger)                 Turns: 792, Time: 00:00:19

Health: 0/21       AC:  6    Str: 11    XL:     3   Next: 39%
Magic:  4/4        EV: 12    Int: 13    God:
Gold:   29         SH:  0    Dex: 14    Spells: 3/4 levels left

rFire   . . .        Y - +1 sling (flame)
rCold   . . .        (no shield)
rNeg    + . .        c - +0 robe
rPois   inf          g - +0 helmet
rElec   +            (no cloak)
rCorr   +            (no gloves)
SInv    .            (no boots)
Will    .....        b - amulet of Erphat {Acrobat rCorr}
Stlth   +            (no ring)
HPRegen 0.23/turn    (no ring)
MPRegen 0.09/turn

%: acrobat
@: no status effects
A: sickness immunity, AC +3, negative energy resistance 1, electricity
resistance, torment resistance 1, petrification resistance
a: no special abilities


You were on level 2 of the Dungeon.
You visited 1 branch of the dungeon, and saw 2 of its levels.

You collected 29 gold pieces.


Innate Abilities, Weirdness & Mutations

You are immune to sickness and miasma.
Your stone body is resilient. (AC +3)
You are immune to poison.
You resist negative energy. (rN+)
You are resistant to electric shocks. (rElec)
You are resistant to unholy torment.
You are immune to petrification.


   Skills:
 - Level 2.1 Fighting
 + Level 3.2 Ranged Weapons
 - Level 1.5 Dodging
 - Level 1.0 Spellcasting
 - Level 2.6 Hexes


You had 3 spell levels left.
You knew the following spells:

 Your Spells              Type           Power      Damage    Failure   Level
a - Slow                  Hex            28%        N/A       10%         1

Your spell library contained the following spells:

 Spells                   Type           Power      Damage    Failure   Level
 Inner Flame              Hex/Fire       4%         N/A       43%         3
 Portal Projectile        Hex/Tloc       8%         N/A       43%         3
 Cause Fear               Hex            3%         N/A       67%         4

Inventory:

Hand Weapons
 Y - a +1 sling of flaming (weapon)
Armour
 c - a +0 robe (worn)
 g - a +0 helmet (worn)
Jewellery
 b - the amulet of Erphat (around neck) {Acrobat rCorr}
   (You acquired it on level 2 of the Dungeon)

   [amulet of the acrobat]

   It increases your evasion while moving and waiting.
   rCorr:     It protects you from acid and corrosion.
 e - the amulet of Light {Spirit Harm rElec Will- Str+3}
   (You acquired it on level 1 of the Dungeon)

   [amulet of guardian spirit]

   It causes incoming damage to be divided between your reserves of health and
   magic.
   Str:       It affects your strength (+3).
   rElec:     It insulates you from electricity.
   Harm:      It increases damage dealt and taken.
   Will:      It decreases your willpower.
Scrolls
 a - a scroll of identify
Potions
 d - a potion of ambrosia {unknown}
 h - a potion of degeneration {unknown}

Dungeon Overview and Level Annotations

Branches:
Dungeon (2/15)

Altars:

Shops:
D:2 *


Message History

The jackal misses you. The endoplasm freezes you.
You are frozen.
You shoot a sling bullet. The sling bullet hits the jackal.
The sling bullet burns the jackal.
You kill the jackal!
The jackal bites you but does no damage. x2
The endoplasm jiggles.
The endoplasm hits you but does no damage.
The jackal bites you but does no damage.
You shoot a sling bullet.
The sling bullet barely misses the jackal.
The jackal closely misses you.
The jackal bites you but does no damage.
The endoplasm hits you.
You shoot a sling bullet. The sling bullet hits the jackal.
The sling bullet burns the jackal.
You kill the jackal!
The jackal bites you but does no damage. x2
The endoplasm barely misses you.
You shoot a sling bullet.
The sling bullet closely misses the jackal.
The jackal barely misses you. The endoplasm freezes you.
You are frozen.
The jackal bites you but does no damage.
You shoot a sling bullet. The sling bullet hits the jackal.
The sling bullet burns the jackal.
The jackal is almost dead.
The jackal bites you but does no damage.
The endoplasm freezes you.
You are frozen.
The jackal barely misses you. The endoplasm freezes you.
You are frozen.
You shoot a sling bullet.
The sling bullet hits the jackal but does no damage.
The jackal is almost dead.
The jackal bites you but does no damage.
The endoplasm hits you.
You die...

#.#<#.# #.#.#.#
#.#.#.#
#...#.####
#.)......#
#.###.##.# #.#
#....# #.#
###### #@#
#....JJh%.\....
..#####......##
.......#
######.# .. #


You could see 2 endoplasms and a jackal.

Vanquished Creatures
  A gnoll (D:1)
  2 dart slugs (D:1)
  2 endoplasms
  A giant cockroach (D:1)
  2 goblins
  2 hobgoblins (D:1)
  3 jackals (D:2)
  A ball python (D:1)
  2 bats (D:1)
  2 frilled lizards (D:1)
  A kobold (D:1)
  4 rats (D:1)
23 creatures vanquished.

Notes
Turn   | Place    | Note
-------+----------+-------------------------------------------
     0 | D:1      | qw the Gargoyle Hexslinger began the quest for the Orb.
     0 | D:1      | Reached XP level 1. HP: 12/12 MP: 2/2
     0 | D:1      | 0 ||| qw: Version: 0.3-a-52-g30416fa
     0 | D:1      | 0 ||| qw: Game counter: 5762
     0 | D:1      | 0 ||| qw: Melee chars always use a shield: true
     0 | D:1      | 0 ||| qw: God list: Okawaru
     0 | D:1      | 0 ||| qw: Allow faded altars: false
     0 | D:1      | 0 ||| qw: Do Orc after clearing Dungeon:15 true
     0 | D:1      | 0 ||| qw: Do second Lair branch before Depths: true
     0 | D:1      | 0 ||| qw: Lair rune preference: random
     0 | D:1      | 0 ||| qw: Goals: Normal
     0 | D:1      | 0 ||| PLANNING D:1-11
    33 | D:1      | Reached XP level 2. HP: 10/16 MP: 3/3
    90 | D:1      | Reached skill level 3 in Ranged Weapons
   339 | D:1      | Reached XP level 3. HP: 20/21 MP: 4/4
   721 | D:1      | 721 ||| UPGRADING to +0 helmet.
   726 | D:1      | 726 ||| READING 2 scrolls labelled TOAT APTEAH.
   727 | D:1      | 727 ||| READING scroll labelled FIH QACKENICKE.
   727 | D:1      | Identified a scroll of acquirement
   727 | D:1      | 727 ||| ACQUIRING amulet of Light {Spirit Harm rElec Will-
                  | Str+3}
   727 | D:1      | Acquired the amulet of Light {Spirit Harm rElec Will-
                  | Str+3}
   729 | D:1      | 729 ||| READING scroll labelled ATESUT USIE.
   730 | D:1      | 730 ||| READING scroll labelled JINEYG WAG QUTUE.
   734 | D:1      | 734 ||| DROPPING scroll of poison.
   767 | D:2      | 767 ||| READING scroll of acquirement.
   767 | D:2      | 767 ||| ACQUIRING amulet of Erphat {Acrobat rCorr}
   767 | D:2      | Acquired the amulet of Erphat {Acrobat rCorr}
   769 | D:2      | 769 ||| UPGRADING to amulet of Erphat {Acrobat rCorr}.
   782 | D:2      | Found Naemunoi's General Store.
   791 | D:2      | HP: 2/21 [frozen (5)]
   792 | D:2      | Slain by an endoplasm

Levels and vault maps discovered:
D:1:      matt_arrival_los_fun, layout_basic
D:2:      layout_basic, serial_shops, shop, shop, nicolae_shop_tiny_glass,
          uniq_sigmund, uniq_terence, uniq_natasha

Skill      XL: |  1  2 |
---------------+-------+-----
Ranged Weapons | 3 |  3.2
Fighting       | 2 |  2.1
Dodging        | |  1.5
Spellcasting   | |  1.0
Hexes          | |  2.6

Action                     || total
---------------------------++-------
   Fire: Sling             ||    77
    Use: Scroll            ||     5
 Armour: Robe              ||    33
  Dodge: Dodged            ||    28

Table legend:
 A = Non-vault XP
 B = Vault XP
 C = Vault XP percentage of total XP
 D = Non-vault monster count
 E = Vault monster count
 F = Vault count percentage of total count
                 A         B        C        D         E       F
            +---------+---------+-------+---------+---------+-------
      Total |      53 |       0 |   0.0 |      23 |       0 |   0.0
            +---------+---------+-------+---------+---------+-------
        D:1 |      43 |       0 |   0.0 |      18 |       0 |   0.0
        D:2 |      10 |       0 |   0.0 |       5 |       0 |   0.0
            +---------+---------+-------+---------+---------+-------
